 Dungeon Crawl Stone Soup version 0.25.0-15-gac7dcb8919 (webtiles) character file.

Game seed: 14046392072586770322

8971 xccam the Slinger (level 11, -5/77 HPs)
             Began as a Halfling Hunter on June 29, 2020.
             Was a High Priest of Okawaru.
             Killed by refrigeration
             ... invoked by Fannar
              (29 damage)
             ... on level 10 of the Dungeon.
             The game lasted 00:17:36 (9168 turns).

xccam the Slinger (Halfling Hunter)                 Turns: 9168, Time: 00:17:37

Health: -5/77      AC: 13    Str: 17    XL:     11   Next: 65%
Magic:  11/11      EV: 19    Int: 12    God:    Okawaru [*****.]
Gold:   234        SH: 13    Dex: 25    Spells: 10/10 levels left

rFire    . . .     SeeInvis +   a - +1 hunting sling
rCold    . . .     Gourm    .   H - +0 buckler
rNeg     . . .     Faith    .   l - +3 ring mail
rPois    +         Spirit   .   C - +1 hat
rElec    .         Reflect  +   (no cloak)
rCorr    .         Harm     .   j - +1 pair of gloves "Leycwu" {rPois Str+4 Int+3}
MR       .....                  s - +0 pair of boots
Stlth    +++.......             A - amulet of reflection
HPRegen  0.22/turn              n - +6 ring of dexterity
MPRegen  0.12/turn              o - ring of see invisible

@: no status effects
A: small, mutation resistance 1
a: Heroism, Finesse, Renounce Religion


You were on level 10 of the Dungeon.
You worshipped Okawaru.
Okawaru was extremely pleased with you.
You were very hungry.

You visited 2 branches of the dungeon, and saw 11 of its levels.

You collected 458 gold pieces.
You spent 224 gold pieces at shops.

Inventory:

Hand Weapons
 a - a +1 hunting sling (weapon)
 b - a +0 rapier
Missiles
 d - 88 sling bullets (quivered)
 q - 141 stones
Armour
 c - a +0 kite shield
 j - the +1 pair of gloves "Leycwu" (worn) {rPois Str+4 Int+3}
   (Okawaru gifted it to you on level 10 of the Dungeon)

   It affects your strength (+4).
   It affects your intelligence (+3).
   It protects you from poison.
 l - a +3 ring mail (worn)
 s - a +0 pair of boots (worn)
 C - a +1 hat (worn)
 G - a +0 pair of gloves
 H - a +0 buckler (worn)
Jewellery
 n - a +6 ring of dexterity (left hand)
 o - a ring of see invisible (right hand)
 v - an uncursed ring of poison resistance
 x - an uncursed amulet of faith
 A - an amulet of reflection (around neck)
Wands
 w - a wand of enslavement (8)
 F - a wand of flame (23)
Scrolls
 e - a scroll of remove curse
 g - 2 scrolls of magic mapping
 i - 6 scrolls of teleportation
 m - 2 scrolls of immolation {unknown}
 r - a scroll of blinking {unknown}
 t - 3 scrolls of noise {unknown}
 y - 3 scrolls of random uselessness {unknown}
 L - 2 scrolls of enchant armour {unknown}
 O - 4 scrolls of enchant weapon {unknown}
 P - 3 scrolls of identify
Potions
 h - 2 potions of stabbing
 k - a potion of magic {unknown}
 p - 2 potions of ambrosia
 u - a potion of lignification
 z - a potion of mutation {unknown}
 B - 2 potions of brilliance {unknown}
 D - 2 potions of might {unknown}
 E - a potion of heal wounds
 I - 2 potions of berserk rage {unknown}
 J - 3 potions of curing
 K - a potion of cancellation {unknown}
 N - a potion of flight {unknown}
Comestibles
 f - 19 rations


   Skills:
 - Level 7.9 Fighting
 + Level 10.9 Short Blades
 - Level 12.0 Slings
 - Level 5.0 Armour
 - Level 6.0 Dodging
 - Level 5.0 Stealth
 - Level 5.6 Shields


You had 10 spell levels left.
You didn't know any spells.
Your spell library contained the following spells:

 Spells                   Type           Power        Failure   Level  Hunger
 Poisonous Vapours        Pois/Air       #.....       65%         2    ###....
 Conjure Flame            Conj/Fire      #.......     86%         3    ####...
 Mephitic Cloud           Conj/Pois/Air  #.......     86%         3    ####...
 Leda's Liquefaction      Hex/Erth       #.........   99%         4    #####..
 Bolt of Magma            Conj/Fire/Erth #.........   100%        5    ######.
 Freezing Cloud           Conj/Ice/Air   #.........   100%        6    #######
 Iron Shot                Conj/Erth      #.........   100%        6    #######
 Statue Form              Tmut/Erth      #........    100%        6    #######
 Ring of Flames           Chrm/Fire      #.........   100%        7    #######
 Shatter                  Erth           #.........   100%        9    #######


Dungeon Overview and Level Annotations

Branches:
Dungeon (10/15)            Temple (1/1) D:6
   Lair: D:8-11         Orc: D:9-12

Altars:
Ashenzari
Cheibriados
Elyvilon
Fedhas
Gozag
Hepliaklqana
Kikubaaqudgha
Makhleb
Nemelex Xobeh
Okawaru
Qazlal
Ru
Sif Muna
Trog
Uskayaw
Vehumet
Wu Jian
Xom
Yredelemnul
Zin
The Shining One

Shops:
D:5 %   D:8 (!

Annotations:
D:10 Fannar


Innate Abilities, Weirdness & Mutations

You are small and have problems with some larger weapons.
You are somewhat resistant to further mutation.


Message History

The ice beast completely misses you. The ice beast hits you.
The ice beast freezes you!
Fannar hits you with a +0 quarterstaff of freezing.
Fannar freezes you.
Firing (i - inventory. (/) - cycle)
d - 90 sling bullets (quivered)
Press: ? - help, Shift-Dir - straight line, f/p - Fannar
Aim: Fannar, wielding a +0 quarterstaff of freezing, wearing a +2 robe of cold resistance and wearing an uncursed ring of ice (severely wounded, covered in an icy film)
You shoot a sling bullet. The sling bullet hits Fannar!
Fannar is severely wounded.
Firing (i - inventory. (/) - cycle)
d - 89 sling bullets (quivered)
Press: ? - help, Shift-Dir - straight line, f/p - Fannar
Aim: Fannar, wielding a +0 quarterstaff of freezing, wearing a +2 robe of cold resistance and wearing an uncursed ring of ice (severely wounded, covered in an icy film)
You shoot a sling bullet. The sling bullet hits Fannar!
Fannar is almost dead.
The ice beast completely misses you.
The ice beast hits you but does no damage.
Fannar gestures wildly while chanting.
Fannar drains the heat from the surrounding environment!
You feel very cold.
You die...

#...# #...#
#...# #...#
#...# #...# #
#...#
#..###...####
#(.(e@........
.(((.(YY........
################


You could see Fannar (icy armour) and 2 ice beasts.

Vanquished Creatures
  Harold (D:9)
  2 two-headed ogres (D:9)
  An unseen horror (D:9)
  A cyclops (D:9)
  A centaur skeleton (D:10)
  A hornet (D:9)
  2 hippogriffs (D:9)
  3 hogs (D:7)
  A yak (D:7)
  A human (D:7)
  A wyvern (D:10)
  2 vampire mosquitoes (D:9)
  A hungry ghost (D:7)
  A water moccasin (D:7)
  An orc warrior (D:6)
  3 sky beasts
  A hornet zombie (D:9)
  A phantom (D:10)
  4 black bears
  An eye of draining (D:10)
  2 ogres
  4 centaurs
  A big kobold (D:8)
  3 bullfrogs
  A gnoll sergeant (D:5)
  5 scorpions
  6 wights
  5 killer bees (D:7)
  A water moccasin skeleton (D:6)
  A howler monkey (D:7)
  2 crimson imps
  A bullfrog zombie (D:7)
  2 orc priests
  5 jellies
  A quasit (D:9)
  6 hounds
  2 orc wizards
  A gnoll shaman (D:5)
  5 bullfrog skeletons
  4 iguanas
  8 worker ants
  3 hound zombies
  3 hound skeletons
  11 gnolls
  9 adders
  A shadow imp (D:7)
  2 adder skeletons
  An adder zombie (D:9)
  A worm (D:6)
  3 leopard geckos
  14 orcs
  3 giant cockroaches
  4 hobgoblins
  2 jackals (D:1)
  7 quokkas
  A ball python skeleton (D:4)
  4 bats
  5 frilled lizards
  A giant cockroach zombie (D:6)
  3 goblins
  9 kobolds
  7 rats
  A butterfly (D:6)
191 creatures vanquished.

Notes
Turn   | Place    | Note
-------+----------+-------------------------------------------
     0 | D:1      | xccam the Halfling Hunter began the quest for the Orb.
     0 | D:1      | Reached XP level 1. HP: 14/14 MP: 1/1
   212 | D:1      | Reached skill level 6 in Slings
   297 | D:1      | Reached XP level 2. HP: 19/19 MP: 2/2
   861 | D:2      | Reached skill level 7 in Slings
   861 | D:2      | Reached XP level 3. HP: 18/24 MP: 3/3
  1005 | D:2      | You fall into a shaft and drop 2 floors!
  1005 | D:4      | Found a glowing silver altar of Zin.
  1005 | D:4      | Found a shimmering blue altar of Sif Muna.
  1005 | D:4      | Found a snail-covered altar of Cheibriados.
  1012 | D:4      | Found a white marble altar of Elyvilon.
  1157 | D:4      | Found an opulent altar of Gozag.
  1217 | D:4      | Reached skill level 8 in Slings
  1217 | D:4      | Reached XP level 4. HP: 29/29 MP: 4/4
  1402 | D:4      | Reached XP level 5. HP: 34/34 MP: 5/5
  1624 | D:4      | Reached skill level 9 in Slings
  2159 | D:3      | Reached XP level 6. HP: 39/39 MP: 6/6
  2483 | D:3      | Reached skill level 10 in Slings
  2515 | D:3      | Found a shimmering altar of Xom.
  2519 | D:3      | Found a hazy altar of Hepliaklqana.
  2521 | D:3      | Noticed a spectral ugly thing
  2722 | D:5      | Entered Level 5 of the Dungeon
  3054 | D:5      | Reached skill level 11 in Slings
  3054 | D:5      | Reached XP level 7. HP: 33/44 MP: 7/7
  3310 | D:5      | Reached skill level 12 in Slings
  3355 | D:5      | Found Sasaghit's Food Emporium.
  3521 | D:5      | Reached skill level 1 in Armour
  3531 | D:5      | Reached XP level 8. HP: 43/49 MP: 8/8
  3862 | D:6      | Found a staircase to the Ecumenical Temple.
  3887 | Temple   | Entered the Ecumenical Temple
  3974 | Temple   | Became a worshipper of Warmaster Okawaru
  4411 | D:6      | Found an ornate altar of the Wu Jian Council.
  4457 | D:6      | Reached * piety under Okawaru
  4741 | D:6      | Reached skill level 5 in Dodging
  4741 | D:6      | Reached skill level 5 in Stealth
  4741 | D:6      | Reached XP level 9. HP: 54/54 MP: 9/9
  4904 | D:7      | Found a sacrificial altar of Ru.
  5104 | D:7      | Reached skill level 5 in Armour
  5164 | D:7      | Reached skill level 1 in Short Blades
  5345 | D:7      | Reached ** piety under Okawaru
  5725 | D:7      | Reached skill level 5 in Short Blades
  5802 | D:7      | Reached *** piety under Okawaru
  5802 | D:7      | Reached XP level 10. HP: 47/65 MP: 10/10
  6223 | D:8      | Reached skill level 5 in Fighting
  6571 | D:8      | Found an ornate altar of the Wu Jian Council.
  6760 | D:8      | Found a bloodstained altar of Trog.
  7082 | D:8      | Found Elegumm's Distillery.
  7095 | D:8      | Found Giyhaiskent's Weapon Emporium.
  7122 | D:8      | Bought a potion of heal wounds for 80 gold pieces
  7122 | D:8      | Bought 2 potions of curing for 96 gold pieces
  7122 | D:8      | Bought a potion of lignification for 48 gold pieces
  7216 | D:8      | Reached **** piety under Okawaru
  7287 | D:9      | Noticed Harold
  7381 | D:9      | Killed Harold
  7634 | D:9      | Noticed a two-headed ogre
  7635 | D:9      | Received a gift from Okawaru
  7655 | D:9      | Killed a two-headed ogre
  7655 | D:9      | Reached XP level 11. HP: 65/75 MP: 11/11
  7764 | D:9      | Noticed a two-headed ogre
  7780 | D:9      | Killed a two-headed ogre
  7780 | D:9      | Received a gift from Okawaru
  8136 | D:9      | Reached skill level 1 in Shields
  8311 | D:9      | Received a gift from Okawaru
  8480 | D:9      | Noticed an unseen horror
  8496 | D:9      | Killed an unseen horror
  8496 | D:9      | Received a gift from Okawaru
  8496 | D:9      | Reached skill level 5 in Shields
  8515 | D:9      | Noticed a cyclops
  8538 | D:9      | Killed a cyclops
  8548 | D:9      | Reached ***** piety under Okawaru
  8548 | D:9      | Reached skill level 10 in Short Blades
  8820 | D:10     | Entered Level 10 of the Dungeon
  9014 | D:10     | Received a gift from Okawaru
  9084 | D:10     | Got a pair of brightly glowing gloves {god gift}
  9100 | D:10     | Identified the +1 pair of gloves "Leycwu" {rPois Str+4
                  | Int+3} (Okawaru gifted it to you on level 10 of the
                  | Dungeon)
  9129 | D:10     | Noticed Fannar
  9168 | D:10     | Killed from afar by Fannar

Illustrated notes

Levels and vault maps discovered:
D:1:      evilmike_arrival_rings, layout_basic
D:2:      layout_basic
D:3:      layout_loops_cross, regret_index_temple_of_mockery, first_ration,
          kennysheep_generic_room_6
D:4:      layout_loops_ring, lemuel_doored_altar, grunt_temple_overflow_open
D:5:      layout_basic, serial_shops, nicolae_shop_behind_doors,
          cheibrodos_gnoll_hut
D:6:      layout_rooms, old_standard_altar, minmay_temple_entry_butterflies
D:7:      layout_loops_ring, lemuel_crystal_altar, grunt_livestock
D:8:      layout_cave_pools, nicolae_overflow_hidden_temple, serial_shops, shop,
          kennysheep_mini, basic_altar
D:9:      minmay_the_grid_octo_triangle [minmay_the_grid_octo_77,
          minmay_the_grid_octo_prize_single_spiral,
          minmay_the_grid_octo_toaster], layout_cave_pools, uniq_harold
D:10:     layout_long_grid, orc_0_dummy, muffindrake_ghost_dual_entry,
          uniq_fannar
Temple:   minmay_temple_curvy_loop

Skill      XL: |  1  2  3  4  5  6  7  8  9 10 11 |
---------------+----------------------------------+-----
Slings         | 6 7 8 9 11 12 | 12.0
Armour         | 1 4 5 |  5.0
Stealth        | 2 5 |  5.0
Dodging        | 5 6 |  6.0
Fighting       | 4 7 |  7.9
Short Blades   | 5 9 10 | 10.9
Shields        | 5 |  5.6

Action                   |  1- 3 |  4- 6 |  7- 9 | 10-12 || total
-------------------------+-------+-------+-------+-------++-------
Melee: Rapier            |       |       |       |    42 ||    42
       Short sword       |       |       |       |    40 ||    40
       Unarmed           |       |       |       |     2 ||     2
       Hunting sling     |       |       |       |     1 ||     1
 Fire: Hunting sling     |    83 |   174 |   482 |   587 ||  1326
Evoke: Wand              |       |       |       |     5 ||     5
  Use: Scroll            |       |       |     6 |     1 ||     7
       Potion            |       |       |       |     6 ||     6
  Eat: Chunk             |       |     5 |     9 |    10 ||    24
Armor: Leather armour    |     4 |       |       |       ||     4
       Ring mail         |       |    17 |    44 |    40 ||   101
       Skin              |       |       |       |     8 ||     8
Dodge: Dodged            |    18 |    35 |    94 |   146 ||   293
Block: Other             |       |       |    40 |    36 ||    76
       Reflection        |       |       |     2 |     3 ||     5
       Buckler           |       |       |       |    47 ||    47
